%YAML 1.1
%TAG !u! tag:unity3d.com,2011:
--- !u!1 &2324755494777243717
GameObject:
  m_ObjectHideFlags: 0
  m_CorrespondingSourceObject: {fileID: 0}
  m_PrefabInstance: {fileID: 0}
  m_PrefabAsset: {fileID: 0}
  serializedVersion: 6
  m_Component:
  - component: {fileID: 4107686622580651534}
  m_Layer: 0
  m_Name: build test 2
  m_TagString: Untagged
  m_Icon: {fileID: 0}
  m_NavMeshLayer: 0
  m_StaticEditorFlags: 0
  m_IsActive: 1
--- !u!4 &4107686622580651534
Transform:
  m_ObjectHideFlags: 0
  m_CorrespondingSourceObject: {fileID: 0}
  m_PrefabInstance: {fileID: 0}
  m_PrefabAsset: {fileID: 0}
  m_GameObject: {fileID: 2324755494777243717}
  m_LocalRotation: {x: 0, y: 0, z: 0, w: 1}
  m_LocalPosition: {x: 7.9, y: 0, z: -7.94}
  m_LocalScale: {x: 1, y: 1, z: 1}
  m_Children:
  - {fileID: 3268282455423790038}
  - {fileID: 361199852315060173}
  - {fileID: 2141924052938302295}
  - {fileID: 5329680430952250011}
  - {fileID: 6142247629413539254}
  - {fileID: 6693174489519438812}
  - {fileID: 6052267155576130687}
  - {fileID: 8629500813054410415}
  - {fileID: 1294187122028196439}
  - {fileID: 5000680326959323474}
  - {fileID: 6203255019600858075}
  - {fileID: 7905964739397246387}
  - {fileID: 7286510582014857880}
  - {fileID: 5629375714583707009}
  - {fileID: 2148005778660681671}
  - {fileID: 5485601963899632427}
  - {fileID: 2474232095457807743}
  - {fileID: 3365108417080180421}
  - {fileID: 2056803235735113037}
  m_Father: {fileID: 0}
  m_RootOrder: 0
  m_LocalEulerAnglesHint: {x: 0, y: 0, z: 0}
--- !u!65 &8860757437714649866
BoxCollider:
  m_ObjectHideFlags: 0
  m_CorrespondingSourceObject: {fileID: 0}
  m_PrefabInstance: {fileID: 0}
  m_PrefabAsset: {fileID: 0}
  m_GameObject: {fileID: 6392341002200372933}
  m_Material: {fileID: 0}
  m_IsTrigger: 0
  m_Enabled: 1
  serializedVersion: 2
  m_Size: {x: 3.1160035, y: 0.24045451, z: 3.1233234}
  m_Center: {x: 0.00000023841858, y: 0.120227255, z: 0.00000011920929}
--- !u!1001 &5436077280111226
PrefabInstance:
  m_ObjectHideFlags: 0
  serializedVersion: 2
  m_Modification:
    m_TransformParent: {fileID: 4107686622580651534}
    m_Modifications:
    - target: {fileID: 5920662951183275377, guid: 8f8162a84fa186447b5954734ae30647, type: 3}
      propertyPath: m_Name
      value: collon ready (7)
      objectReference: {fileID: 0}
    - target: {fileID: 7900704764542449609, guid: 8f8162a84fa186447b5954734ae30647, type: 3}
      propertyPath: m_RootOrder
      value: 11
      objectReference: {fileID: 0}
    - target: {fileID: 7900704764542449609, guid: 8f8162a84fa186447b5954734ae30647, type: 3}
      propertyPath: m_LocalPosition.x
      value: 1.2224469
      objectReference: {fileID: 0}
    - target: {fileID: 7900704764542449609, guid: 8f8162a84fa186447b5954734ae30647, type: 3}
      propertyPath: m_LocalPosition.y
      value: 2.36
      objectReference: {fileID: 0}
    - target: {fileID: 7900704764542449609, guid: 8f8162a84fa186447b5954734ae30647, type: 3}
      propertyPath: m_LocalPosition.z
      value: -1.1924715
      objectReference: {fileID: 0}
    - target: {fileID: 7900704764542449609, guid: 8f8162a84fa186447b5954734ae30647, type: 3}
      propertyPath: m_LocalRotation.w
      value: 1
      objectReference: {fileID: 0}
    - target: {fileID: 7900704764542449609, guid: 8f8162a84fa186447b5954734ae30647, type: 3}
      propertyPath: m_LocalRotation.x
      value: -0
      objectReference: {fileID: 0}
    - target: {fileID: 7900704764542449609, guid: 8f8162a84fa186447b5954734ae30647, type: 3}
      propertyPath: m_LocalRotation.y
      value: -0
      objectReference: {fileID: 0}
    - target: {fileID: 7900704764542449609, guid: 8f8162a84fa186447b5954734ae30647, type: 3}
      propertyPath: m_LocalRotation.z
      value: -0
      objectReference: {fileID: 0}
    - target: {fileID: 7900704764542449609, guid: 8f8162a84fa186447b5954734ae30647, type: 3}
      propertyPath: m_LocalEulerAnglesHint.x
      value: 0
      objectReference: {fileID: 0}
    - target: {fileID: 7900704764542449609, guid: 8f8162a84fa186447b5954734ae30647, type: 3}
      propertyPath: m_LocalEulerAnglesHint.y
      value: 0
      objectReference: {fileID: 0}
    - target: {fileID: 7900704764542449609, guid: 8f8162a84fa186447b5954734ae30647, type: 3}
      propertyPath: m_LocalEulerAnglesHint.z
      value: 0
      objectReference: {fileID: 0}
    m_RemovedComponents: []
  m_SourcePrefab: {fileID: 100100000, guid: 8f8162a84fa186447b5954734ae30647, type: 3}
--- !u!4 &7905964739397246387 stripped
Transform:
  m_CorrespondingSourceObject: {fileID: 7900704764542449609, guid: 8f8162a84fa186447b5954734ae30647, type: 3}
  m_PrefabInstance: {fileID: 5436077280111226}
  m_PrefabAsset: {fileID: 0}
--- !u!1001 &247217652327662966
PrefabInstance:
  m_ObjectHideFlags: 0
  serializedVersion: 2
  m_Modification:
    m_TransformParent: {fileID: 4107686622580651534}
    m_Modifications:
    - target: {fileID: 1947505131414833700, guid: dffd1cac1b5504e42bb0800533f800dd, type: 3}
      propertyPath: m_Name
      value: wall 1x1 ready (2)
      objectReference: {fileID: 0}
    - target: {fileID: 3304814622314331059, guid: dffd1cac1b5504e42bb0800533f800dd, type: 3}
      propertyPath: m_RootOrder
      value: 17
      objectReference: {fileID: 0}
    - target: {fileID: 3304814622314331059, guid: dffd1cac1b5504e42bb0800533f800dd, type: 3}
      propertyPath: m_LocalPosition.x
      value: -1.194057
      objectReference: {fileID: 0}
    - target: {fileID: 3304814622314331059, guid: dffd1cac1b5504e42bb0800533f800dd, type: 3}
      propertyPath: m_LocalPosition.y
      value: 2.36
      objectReference: {fileID: 0}
    - target: {fileID: 3304814622314331059, guid: dffd1cac1b5504e42bb0800533f800dd, type: 3}
      propertyPath: m_LocalPosition.z
      value: 0.03684759
      objectReference: {fileID: 0}
    - target: {fileID: 3304814622314331059, guid: dffd1cac1b5504e42bb0800533f800dd, type: 3}
      propertyPath: m_LocalRotation.w
      value: 1
      objectReference: {fileID: 0}
    - target: {fileID: 3304814622314331059, guid: dffd1cac1b5504e42bb0800533f800dd, type: 3}
      propertyPath: m_LocalRotation.x
      value: -0
      objectReference: {fileID: 0}
    - target: {fileID: 3304814622314331059, guid: dffd1cac1b5504e42bb0800533f800dd, type: 3}
      propertyPath: m_LocalRotation.y
      value: -0
      objectReference: {fileID: 0}
    - target: {fileID: 3304814622314331059, guid: dffd1cac1b5504e42bb0800533f800dd, type: 3}
      propertyPath: m_LocalRotation.z
      value: -0
      objectReference: {fileID: 0}
    - target: {fileID: 3304814622314331059, guid: dffd1cac1b5504e42bb0800533f800dd, type: 3}
      propertyPath: m_LocalEulerAnglesHint.x
      value: 0
      objectReference: {fileID: 0}
    - target: {fileID: 3304814622314331059, guid: dffd1cac1b5504e42bb0800533f800dd, type: 3}
      propertyPath: m_LocalEulerAnglesHint.y
      value: 0
      objectReference: {fileID: 0}
    - target: {fileID: 3304814622314331059, guid: dffd1cac1b5504e42bb0800533f800dd, type: 3}
      propertyPath: m_LocalEulerAnglesHint.z
      value: 0
      objectReference: {fileID: 0}
    m_RemovedComponents: []
  m_SourcePrefab: {fileID: 100100000, guid: dffd1cac1b5504e42bb0800533f800dd, type: 3}
--- !u!4 &3365108417080180421 stripped
Transform:
  m_CorrespondingSourceObject: {fileID: 3304814622314331059, guid: dffd1cac1b5504e42bb0800533f800dd, type: 3}
  m_PrefabInstance: {fileID: 247217652327662966}
  m_PrefabAsset: {fileID: 0}
--- !u!1001 &287582746561373752
PrefabInstance:
  m_ObjectHideFlags: 0
  serializedVersion: 2
  m_Modification:
    m_TransformParent: {fileID: 4107686622580651534}
    m_Modifications:
    - target: {fileID: 1409495464862998091, guid: 81409194da848f140987d01726e03356, type: 3}
      propertyPath: m_Name
      value: door wall 1x1 ready (1)
      objectReference: {fileID: 0}
    - target: {fileID: 5335471324952272035, guid: 81409194da848f140987d01726e03356, type: 3}
      propertyPath: m_RootOrder
      value: 3
      objectReference: {fileID: 0}
    - target: {fileID: 5335471324952272035, guid: 81409194da848f140987d01726e03356, type: 3}
      propertyPath: m_LocalPosition.x
      value: 1.2694731
      objectReference: {fileID: 0}
    - target: {fileID: 5335471324952272035, guid: 81409194da848f140987d01726e03356, type: 3}
      propertyPath: m_LocalPosition.y
      value: 0.24045467
      objectReference: {fileID: 0}
    - target: {fileID: 5335471324952272035, guid: 81409194da848f140987d01726e03356, type: 3}
      propertyPath: m_LocalPosition.z
      value: 0.03502083
      objectReference: {fileID: 0}
    - target: {fileID: 5335471324952272035, guid: 81409194da848f140987d01726e03356, type: 3}
      propertyPath: m_LocalRotation.w
      value: 1
      objectReference: {fileID: 0}
    - target: {fileID: 5335471324952272035, guid: 81409194da848f140987d01726e03356, type: 3}
      propertyPath: m_LocalRotation.x
      value: -0
      objectReference: {fileID: 0}
    - target: {fileID: 5335471324952272035, guid: 81409194da848f140987d01726e03356, type: 3}
      propertyPath: m_LocalRotation.y
      value: -0
      objectReference: {fileID: 0}
    - target: {fileID: 5335471324952272035, guid: 81409194da848f140987d01726e03356, type: 3}
      propertyPath: m_LocalRotation.z
      value: -0
      objectReference: {fileID: 0}
    - target: {fileID: 5335471324952272035, guid: 81409194da848f140987d01726e03356, type: 3}
      propertyPath: m_LocalEulerAnglesHint.x
      value: 0
      objectReference: {fileID: 0}
    - target: {fileID: 5335471324952272035, guid: 81409194da848f140987d01726e03356, type: 3}
      propertyPath: m_LocalEulerAnglesHint.y
      value: 0
      objectReference: {fileID: 0}
    - target: {fileID: 5335471324952272035, guid: 81409194da848f140987d01726e03356, type: 3}
      propertyPath: m_LocalEulerAnglesHint.z
      value: 0
      objectReference: {fileID: 0}
    m_RemovedComponents: []
  m_SourcePrefab: {fileID: 100100000, guid: 81409194da848f140987d01726e03356, type: 3}
--- !u!4 &5329680430952250011 stripped
Transform:
  m_CorrespondingSourceObject: {fileID: 5335471324952272035, guid: 81409194da848f140987d01726e03356, type: 3}
  m_PrefabInstance: {fileID: 287582746561373752}
  m_PrefabAsset: {fileID: 0}
--- !u!1001 &628836931049301329
PrefabInstance:
  m_ObjectHideFlags: 0
  serializedVersion: 2
  m_Modification:
    m_TransformParent: {fileID: 4107686622580651534}
    m_Modifications:
    - target: {fileID: 5920662951183275377, guid: 8f8162a84fa186447b5954734ae30647, type: 3}
      propertyPath: m_Name
      value: collon ready (6)
      objectReference: {fileID: 0}
    - target: {fileID: 7900704764542449609, guid: 8f8162a84fa186447b5954734ae30647, type: 3}
      propertyPath: m_RootOrder
      value: 12
      objectReference: {fileID: 0}
    - target: {fileID: 7900704764542449609, guid: 8f8162a84fa186447b5954734ae30647, type: 3}
      propertyPath: m_LocalPosition.x
      value: 1.2224469
      objectReference: {fileID: 0}
    - target: {fileID: 7900704764542449609, guid: 8f8162a84fa186447b5954734ae30647, type: 3}
      propertyPath: m_LocalPosition.y
      value: 2.36
      objectReference: {fileID: 0}
    - target: {fileID: 7900704764542449609, guid: 8f8162a84fa186447b5954734ae30647, type: 3}
      propertyPath: m_LocalPosition.z
      value: 1.2315283
      objectReference: {fileID: 0}
    - target: {fileID: 7900704764542449609, guid: 8f8162a84fa186447b5954734ae30647, type: 3}
      propertyPath: m_LocalRotation.w
      value: 1
      objectReference: {fileID: 0}
    - target: {fileID: 7900704764542449609, guid: 8f8162a84fa186447b5954734ae30647, type: 3}
      propertyPath: m_LocalRotation.x
      value: -0
      objectReference: {fileID: 0}
    - target: {fileID: 7900704764542449609, guid: 8f8162a84fa186447b5954734ae30647, type: 3}
      propertyPath: m_LocalRotation.y
      value: -0
      objectReference: {fileID: 0}
    - target: {fileID: 7900704764542449609, guid: 8f8162a84fa186447b5954734ae30647, type: 3}
      propertyPath: m_LocalRotation.z
      value: -0
      objectReference: {fileID: 0}
    - target: {fileID: 7900704764542449609, guid: 8f8162a84fa186447b5954734ae30647, type: 3}
      propertyPath: m_LocalEulerAnglesHint.x
      value: 0
      objectReference: {fileID: 0}
    - target: {fileID: 7900704764542449609, guid: 8f8162a84fa186447b5954734ae30647, type: 3}
      propertyPath: m_LocalEulerAnglesHint.y
      value: 0
      objectReference: {fileID: 0}
    - target: {fileID: 7900704764542449609, guid: 8f8162a84fa186447b5954734ae30647, type: 3}
      propertyPath: m_LocalEulerAnglesHint.z
      value: 0
      objectReference: {fileID: 0}
    m_RemovedComponents: []
  m_SourcePrefab: {fileID: 100100000, guid: 8f8162a84fa186447b5954734ae30647, type: 3}
--- !u!4 &7286510582014857880 stripped
Transform:
  m_CorrespondingSourceObject: {fileID: 7900704764542449609, guid: 8f8162a84fa186447b5954734ae30647, type: 3}
  m_PrefabInstance: {fileID: 628836931049301329}
  m_PrefabAsset: {fileID: 0}
--- !u!1001 &1268477255760405162
PrefabInstance:
  m_ObjectHideFlags: 0
  serializedVersion: 2
  m_Modification:
    m_TransformParent: {fileID: 4107686622580651534}
    m_Modifications:
    - target: {fileID: 1629376307828350648, guid: 1e4150c57c2604e4d9f164ef4d1deb59, type: 3}
      propertyPath: m_Name
      value: window wall 1x1 ready (5)
      objectReference: {fileID: 0}
    - target: {fileID: 4378005456416655740, guid: 1e4150c57c2604e4d9f164ef4d1deb59, type: 3}
      propertyPath: m_RootOrder
      value: 0
      objectReference: {fileID: 0}
    - target: {fileID: 4378005456416655740, guid: 1e4150c57c2604e4d9f164ef4d1deb59, type: 3}
      propertyPath: m_LocalPosition.x
      value: 1.2806096
      objectReference: {fileID: 0}
    - target: {fileID: 4378005456416655740, guid: 1e4150c57c2604e4d9f164ef4d1deb59, type: 3}
      propertyPath: m_LocalPosition.y
      value: 2.34
      objectReference: {fileID: 0}
    - target: {fileID: 4378005456416655740, guid: 1e4150c57c2604e4d9f164ef4d1deb59, type: 3}
      propertyPath: m_LocalPosition.z
      value: -0.008471489
      objectReference: {fileID: 0}
    - target: {fileID: 4378005456416655740, guid: 1e4150c57c2604e4d9f164ef4d1deb59, type: 3}
      propertyPath: m_LocalRotation.w
      value: 1
      objectReference: {fileID: 0}
    - target: {fileID: 4378005456416655740, guid: 1e4150c57c2604e4d9f164ef4d1deb59, type: 3}
      propertyPath: m_LocalRotation.x
      value: -0
      objectReference: {fileID: 0}
    - target: {fileID: 4378005456416655740, guid: 1e4150c57c2604e4d9f164ef4d1deb59, type: 3}
      propertyPath: m_LocalRotation.y
      value: -0
      objectReference: {fileID: 0}
    - target: {fileID: 4378005456416655740, guid: 1e4150c57c2604e4d9f164ef4d1deb59, type: 3}
      propertyPath: m_LocalRotation.z
      value: -0
      objectReference: {fileID: 0}
    - target: {fileID: 4378005456416655740, guid: 1e4150c57c2604e4d9f164ef4d1deb59, type: 3}
      propertyPath: m_LocalEulerAnglesHint.x
      value: 0
      objectReference: {fileID: 0}
    - target: {fileID: 4378005456416655740, guid: 1e4150c57c2604e4d9f164ef4d1deb59, type: 3}
      propertyPath: m_LocalEulerAnglesHint.y
      value: 0
      objectReference: {fileID: 0}
    - target: {fileID: 4378005456416655740, guid: 1e4150c57c2604e4d9f164ef4d1deb59, type: 3}
      propertyPath: m_LocalEulerAnglesHint.z
      value: 0
      objectReference: {fileID: 0}
    m_RemovedComponents: []
  m_SourcePrefab: {fileID: 100100000, guid: 1e4150c57c2604e4d9f164ef4d1deb59, type: 3}
--- !u!4 &3268282455423790038 stripped
Transform:
  m_CorrespondingSourceObject: {fileID: 4378005456416655740, guid: 1e4150c57c2604e4d9f164ef4d1deb59, type: 3}
  m_PrefabInstance: {fileID: 1268477255760405162}
  m_PrefabAsset: {fileID: 0}
--- !u!1001 &1902441380232595814
PrefabInstance:
  m_ObjectHideFlags: 0
  serializedVersion: 2
  m_Modification:
    m_TransformParent: {fileID: 4107686622580651534}
    m_Modifications:
    - target: {fileID: 5920662951183275377, guid: 8f8162a84fa186447b5954734ae30647, type: 3}
      propertyPath: m_Name
      value: collon ready (2)
      objectReference: {fileID: 0}
    - target: {fileID: 7900704764542449609, guid: 8f8162a84fa186447b5954734ae30647, type: 3}
      propertyPath: m_RootOrder
      value: 7
      objectReference: {fileID: 0}
    - target: {fileID: 7900704764542449609, guid: 8f8162a84fa186447b5954734ae30647, type: 3}
      propertyPath: m_LocalPosition.x
      value: 1.2224469
      objectReference: {fileID: 0}
    - target: {fileID: 7900704764542449609, guid: 8f8162a84fa186447b5954734ae30647, type: 3}
      propertyPath: m_LocalPosition.y
      value: 0.24045467
      objectReference: {fileID: 0}
    - target: {fileID: 7900704764542449609, guid: 8f8162a84fa186447b5954734ae30647, type: 3}
      propertyPath: m_LocalPosition.z
      value: 1.2315283
      objectReference: {fileID: 0}
    - target: {fileID: 7900704764542449609, guid: 8f8162a84fa186447b5954734ae30647, type: 3}
      propertyPath: m_LocalRotation.w
      value: 1
      objectReference: {fileID: 0}
    - target: {fileID: 7900704764542449609, guid: 8f8162a84fa186447b5954734ae30647, type: 3}
      propertyPath: m_LocalRotation.x
      value: -0
      objectReference: {fileID: 0}
    - target: {fileID: 7900704764542449609, guid: 8f8162a84fa186447b5954734ae30647, type: 3}
      propertyPath: m_LocalRotation.y
      value: -0
      objectReference: {fileID: 0}
    - target: {fileID: 7900704764542449609, guid: 8f8162a84fa186447b5954734ae30647, type: 3}
      propertyPath: m_LocalRotation.z
      value: -0
      objectReference: {fileID: 0}
    - target: {fileID: 7900704764542449609, guid: 8f8162a84fa186447b5954734ae30647, type: 3}
      propertyPath: m_LocalEulerAnglesHint.x
      value: 0
      objectReference: {fileID: 0}
    - target: {fileID: 7900704764542449609, guid: 8f8162a84fa186447b5954734ae30647, type: 3}
      propertyPath: m_LocalEulerAnglesHint.y
      value: 0
      objectReference: {fileID: 0}
    - target: {fileID: 7900704764542449609, guid: 8f8162a84fa186447b5954734ae30647, type: 3}
      propertyPath: m_LocalEulerAnglesHint.z
      value: 0
      objectReference: {fileID: 0}
    m_RemovedComponents: []
  m_SourcePrefab: {fileID: 100100000, guid: 8f8162a84fa186447b5954734ae30647, type: 3}
--- !u!4 &8629500813054410415 stripped
Transform:
  m_CorrespondingSourceObject: {fileID: 7900704764542449609, guid: 8f8162a84fa186447b5954734ae30647, type: 3}
  m_PrefabInstance: {fileID: 1902441380232595814}
  m_PrefabAsset: {fileID: 0}
--- !u!1001 &2204494696058569731
PrefabInstance:
  m_ObjectHideFlags: 0
  serializedVersion: 2
  m_Modification:
    m_TransformParent: {fileID: 4107686622580651534}
    m_Modifications:
    - target: {fileID: 1629376307828350648, guid: 1e4150c57c2604e4d9f164ef4d1deb59, type: 3}
      propertyPath: m_Name
      value: window wall 1x1 ready (3)
      objectReference: {fileID: 0}
    - target: {fileID: 4378005456416655740, guid: 1e4150c57c2604e4d9f164ef4d1deb59, type: 3}
      propertyPath: m_RootOrder
      value: 16
      objectReference: {fileID: 0}
    - target: {fileID: 4378005456416655740, guid: 1e4150c57c2604e4d9f164ef4d1deb59, type: 3}
      propertyPath: m_LocalPosition.x
      value: 0
      objectReference: {fileID: 0}
    - target: {fileID: 4378005456416655740, guid: 1e4150c57c2604e4d9f164ef4d1deb59, type: 3}
      propertyPath: m_LocalPosition.y
      value: 2.3600001
      objectReference: {fileID: 0}
    - target: {fileID: 4378005456416655740, guid: 1e4150c57c2604e4d9f164ef4d1deb59, type: 3}
      propertyPath: m_LocalPosition.z
      value: 1.2415285
      objectReference: {fileID: 0}
    - target: {fileID: 4378005456416655740, guid: 1e4150c57c2604e4d9f164ef4d1deb59, type: 3}
      propertyPath: m_LocalRotation.w
      value: 0.7069716
      objectReference: {fileID: 0}
    - target: {fileID: 4378005456416655740, guid: 1e4150c57c2604e4d9f164ef4d1deb59, type: 3}
      propertyPath: m_LocalRotation.x
      value: -0
      objectReference: {fileID: 0}
    - target: {fileID: 4378005456416655740, guid: 1e4150c57c2604e4d9f164ef4d1deb59, type: 3}
      propertyPath: m_LocalRotation.y
      value: 0.7072421
      objectReference: {fileID: 0}
    - target: {fileID: 4378005456416655740, guid: 1e4150c57c2604e4d9f164ef4d1deb59, type: 3}
      propertyPath: m_LocalRotation.z
      value: -0
      objectReference: {fileID: 0}
    - target: {fileID: 4378005456416655740, guid: 1e4150c57c2604e4d9f164ef4d1deb59, type: 3}
      propertyPath: m_LocalEulerAnglesHint.x
      value: 0
      objectReference: {fileID: 0}
    - target: {fileID: 4378005456416655740, guid: 1e4150c57c2604e4d9f164ef4d1deb59, type: 3}
      propertyPath: m_LocalEulerAnglesHint.y
      value: 90.022
      objectReference: {fileID: 0}
    - target: {fileID: 4378005456416655740, guid: 1e4150c57c2604e4d9f164ef4d1deb59, type: 3}
      propertyPath: m_LocalEulerAnglesHint.z
      value: 0
      objectReference: {fileID: 0}
    m_RemovedComponents: []
  m_SourcePrefab: {fileID: 100100000, guid: 1e4150c57c2604e4d9f164ef4d1deb59, type: 3}
--- !u!4 &2474232095457807743 stripped
Transform:
  m_CorrespondingSourceObject: {fileID: 4378005456416655740, guid: 1e4150c57c2604e4d9f164ef4d1deb59, type: 3}
  m_PrefabInstance: {fileID: 2204494696058569731}
  m_PrefabAsset: {fileID: 0}
--- !u!1001 &2415113521422781666
PrefabInstance:
  m_ObjectHideFlags: 0
  serializedVersion: 2
  m_Modification:
    m_TransformParent: {fileID: 4107686622580651534}
    m_Modifications:
    - target: {fileID: 5920662951183275377, guid: 8f8162a84fa186447b5954734ae30647, type: 3}
      propertyPath: m_Name
      value: collon ready (5)
      objectReference: {fileID: 0}
    - target: {fileID: 7900704764542449609, guid: 8f8162a84fa186447b5954734ae30647, type: 3}
      propertyPath: m_RootOrder
      value: 15
      objectReference: {fileID: 0}
    - target: {fileID: 7900704764542449609, guid: 8f8162a84fa186447b5954734ae30647, type: 3}
      propertyPath: m_LocalPosition.x
      value: -1.21
      objectReference: {fileID: 0}
    - target: {fileID: 7900704764542449609, guid: 8f8162a84fa186447b5954734ae30647, type: 3}
      propertyPath: m_LocalPosition.y
      value: 2.36
      objectReference: {fileID: 0}
    - target: {fileID: 7900704764542449609, guid: 8f8162a84fa186447b5954734ae30647, type: 3}
      propertyPath: m_LocalPosition.z
      value: -1.1924715
      objectReference: {fileID: 0}
    - target: {fileID: 7900704764542449609, guid: 8f8162a84fa186447b5954734ae30647, type: 3}
      propertyPath: m_LocalRotation.w
      value: 1
      objectReference: {fileID: 0}
    - target: {fileID: 7900704764542449609, guid: 8f8162a84fa186447b5954734ae30647, type: 3}
      propertyPath: m_LocalRotation.x
      value: -0
      objectReference: {fileID: 0}
    - target: {fileID: 7900704764542449609, guid: 8f8162a84fa186447b5954734ae30647, type: 3}
      propertyPath: m_LocalRotation.y
      value: -0
      objectReference: {fileID: 0}
    - target: {fileID: 7900704764542449609, guid: 8f8162a84fa186447b5954734ae30647, type: 3}
      propertyPath: m_LocalRotation.z
      value: -0
      objectReference: {fileID: 0}
    - target: {fileID: 7900704764542449609, guid: 8f8162a84fa186447b5954734ae30647, type: 3}
      propertyPath: m_LocalEulerAnglesHint.x
      value: 0
      objectReference: {fileID: 0}
    - target: {fileID: 7900704764542449609, guid: 8f8162a84fa186447b5954734ae30647, type: 3}
      propertyPath: m_LocalEulerAnglesHint.y
      value: 0
      objectReference: {fileID: 0}
    - target: {fileID: 7900704764542449609, guid: 8f8162a84fa186447b5954734ae30647, type: 3}
      propertyPath: m_LocalEulerAnglesHint.z
      value: 0
      objectReference: {fileID: 0}
    m_RemovedComponents: []
  m_SourcePrefab: {fileID: 100100000, guid: 8f8162a84fa186447b5954734ae30647, type: 3}
--- !u!4 &5485601963899632427 stripped
Transform:
  m_CorrespondingSourceObject: {fileID: 7900704764542449609, guid: 8f8162a84fa186447b5954734ae30647, type: 3}
  m_PrefabInstance: {fileID: 2415113521422781666}
  m_PrefabAsset: {fileID: 0}
--- !u!1001 &2705922410262119480
PrefabInstance:
  m_ObjectHideFlags: 0
  serializedVersion: 2
  m_Modification:
    m_TransformParent: {fileID: 4107686622580651534}
    m_Modifications:
    - target: {fileID: 2345921592893694965, guid: 0c45ac29c63cb3047ad22d4ae25a3318, type: 3}
      propertyPath: m_RootOrder
      value: 1
      objectReference: {fileID: 0}
    - target: {fileID: 2345921592893694965, guid: 0c45ac29c63cb3047ad22d4ae25a3318, type: 3}
      propertyPath: m_LocalPosition.x
      value: 0
      objectReference: {fileID: 0}
    - target: {fileID: 2345921592893694965, guid: 0c45ac29c63cb3047ad22d4ae25a3318, type: 3}
      propertyPath: m_LocalPosition.y
      value: 2.14
      objectReference: {fileID: 0}
    - target: {fileID: 2345921592893694965, guid: 0c45ac29c63cb3047ad22d4ae25a3318, type: 3}
      propertyPath: m_LocalPosition.z
      value: 0
      objectReference: {fileID: 0}
    - target: {fileID: 2345921592893694965, guid: 0c45ac29c63cb3047ad22d4ae25a3318, type: 3}
      propertyPath: m_LocalRotation.w
      value: 1
      objectReference: {fileID: 0}
    - target: {fileID: 2345921592893694965, guid: 0c45ac29c63cb3047ad22d4ae25a3318, type: 3}
      propertyPath: m_LocalRotation.x
      value: -0
      objectReference: {fileID: 0}
    - target: {fileID: 2345921592893694965, guid: 0c45ac29c63cb3047ad22d4ae25a3318, type: 3}
      propertyPath: m_LocalRotation.y
      value: -0
      objectReference: {fileID: 0}
    - target: {fileID: 2345921592893694965, guid: 0c45ac29c63cb3047ad22d4ae25a3318, type: 3}
      propertyPath: m_LocalRotation.z
      value: -0
      objectReference: {fileID: 0}
    - target: {fileID: 2345921592893694965, guid: 0c45ac29c63cb3047ad22d4ae25a3318, type: 3}
      propertyPath: m_LocalEulerAnglesHint.x
      value: 0
      objectReference: {fileID: 0}
    - target: {fileID: 2345921592893694965, guid: 0c45ac29c63cb3047ad22d4ae25a3318, type: 3}
      propertyPath: m_LocalEulerAnglesHint.y
      value: 0
      objectReference: {fileID: 0}
    - target: {fileID: 2345921592893694965, guid: 0c45ac29c63cb3047ad22d4ae25a3318, type: 3}
      propertyPath: m_LocalEulerAnglesHint.z
      value: 0
      objectReference: {fileID: 0}
    - target: {fileID: 8452305532332878159, guid: 0c45ac29c63cb3047ad22d4ae25a3318, type: 3}
      propertyPath: m_Name
      value: roof 1x1 ready (1)
      objectReference: {fileID: 0}
    m_RemovedComponents: []
  m_SourcePrefab: {fileID: 100100000, guid: 0c45ac29c63cb3047ad22d4ae25a3318, type: 3}
--- !u!4 &361199852315060173 stripped
Transform:
  m_CorrespondingSourceObject: {fileID: 2345921592893694965, guid: 0c45ac29c63cb3047ad22d4ae25a3318, type: 3}
  m_PrefabInstance: {fileID: 2705922410262119480}
  m_PrefabAsset: {fileID: 0}
--- !u!1001 &2936643123469102747
PrefabInstance:
  m_ObjectHideFlags: 0
  serializedVersion: 2
  m_Modification:
    m_TransformParent: {fileID: 4107686622580651534}
    m_Modifications:
    - target: {fileID: 5920662951183275377, guid: 8f8162a84fa186447b5954734ae30647, type: 3}
      propertyPath: m_Name
      value: collon ready (3)
      objectReference: {fileID: 0}
    - target: {fileID: 7900704764542449609, guid: 8f8162a84fa186447b5954734ae30647, type: 3}
      propertyPath: m_RootOrder
      value: 9
      objectReference: {fileID: 0}
    - target: {fileID: 7900704764542449609, guid: 8f8162a84fa186447b5954734ae30647, type: 3}
      propertyPath: m_LocalPosition.x
      value: -1.21
      objectReference: {fileID: 0}
    - target: {fileID: 7900704764542449609, guid: 8f8162a84fa186447b5954734ae30647, type: 3}
      propertyPath: m_LocalPosition.y
      value: 0.24045467
      objectReference: {fileID: 0}
    - target: {fileID: 7900704764542449609, guid: 8f8162a84fa186447b5954734ae30647, type: 3}
      propertyPath: m_LocalPosition.z
      value: 1.2315283
      objectReference: {fileID: 0}
    - target: {fileID: 7900704764542449609, guid: 8f8162a84fa186447b5954734ae30647, type: 3}
      propertyPath: m_LocalRotation.w
      value: 1
      objectReference: {fileID: 0}
    - target: {fileID: 7900704764542449609, guid: 8f8162a84fa186447b5954734ae30647, type: 3}
      propertyPath: m_LocalRotation.x
      value: -0
      objectReference: {fileID: 0}
    - target: {fileID: 7900704764542449609, guid: 8f8162a84fa186447b5954734ae30647, type: 3}
      propertyPath: m_LocalRotation.y
      value: -0
      objectReference: {fileID: 0}
    - target: {fileID: 7900704764542449609, guid: 8f8162a84fa186447b5954734ae30647, type: 3}
      propertyPath: m_LocalRotation.z
      value: -0
      objectReference: {fileID: 0}
    - target: {fileID: 7900704764542449609, guid: 8f8162a84fa186447b5954734ae30647, type: 3}
      propertyPath: m_LocalEulerAnglesHint.x
      value: 0
      objectReference: {fileID: 0}
    - target: {fileID: 7900704764542449609, guid: 8f8162a84fa186447b5954734ae30647, type: 3}
      propertyPath: m_LocalEulerAnglesHint.y
      value: 0
      objectReference: {fileID: 0}
    - target: {fileID: 7900704764542449609, guid: 8f8162a84fa186447b5954734ae30647, type: 3}
      propertyPath: m_LocalEulerAnglesHint.z
      value: 0
      objectReference: {fileID: 0}
    m_RemovedComponents: []
  m_SourcePrefab: {fileID: 100100000, guid: 8f8162a84fa186447b5954734ae30647, type: 3}
--- !u!4 &5000680326959323474 stripped
Transform:
  m_CorrespondingSourceObject: {fileID: 7900704764542449609, guid: 8f8162a84fa186447b5954734ae30647, type: 3}
  m_PrefabInstance: {fileID: 2936643123469102747}
  m_PrefabAsset: {fileID: 0}
--- !u!1001 &3487101060060764388
PrefabInstance:
  m_ObjectHideFlags: 0
  serializedVersion: 2
  m_Modification:
    m_TransformParent: {fileID: 4107686622580651534}
    m_Modifications:
    - target: {fileID: 1947505131414833700, guid: dffd1cac1b5504e42bb0800533f800dd, type: 3}
      propertyPath: m_Name
      value: wall 1x1 ready (1)
      objectReference: {fileID: 0}
    - target: {fileID: 3304814622314331059, guid: dffd1cac1b5504e42bb0800533f800dd, type: 3}
      propertyPath: m_RootOrder
      value: 2
      objectReference: {fileID: 0}
    - target: {fileID: 3304814622314331059, guid: dffd1cac1b5504e42bb0800533f800dd, type: 3}
      propertyPath: m_LocalPosition.x
      value: -1.194057
      objectReference: {fileID: 0}
    - target: {fileID: 3304814622314331059, guid: dffd1cac1b5504e42bb0800533f800dd, type: 3}
      propertyPath: m_LocalPosition.y
      value: 0.24045467
      objectReference: {fileID: 0}
    - target: {fileID: 3304814622314331059, guid: dffd1cac1b5504e42bb0800533f800dd, type: 3}
      propertyPath: m_LocalPosition.z
      value: 0.03684759
      objectReference: {fileID: 0}
    - target: {fileID: 3304814622314331059, guid: dffd1cac1b5504e42bb0800533f800dd, type: 3}
      propertyPath: m_LocalRotation.w
      value: 1
      objectReference: {fileID: 0}
    - target: {fileID: 3304814622314331059, guid: dffd1cac1b5504e42bb0800533f800dd, type: 3}
      propertyPath: m_LocalRotation.x
      value: -0
      objectReference: {fileID: 0}
    - target: {fileID: 3304814622314331059, guid: dffd1cac1b5504e42bb0800533f800dd, type: 3}
      propertyPath: m_LocalRotation.y
      value: -0
      objectReference: {fileID: 0}
    - target: {fileID: 3304814622314331059, guid: dffd1cac1b5504e42bb0800533f800dd, type: 3}
      propertyPath: m_LocalRotation.z
      value: -0
      objectReference: {fileID: 0}
    - target: {fileID: 3304814622314331059, guid: dffd1cac1b5504e42bb0800533f800dd, type: 3}
      propertyPath: m_LocalEulerAnglesHint.x
      value: 0
      objectReference: {fileID: 0}
    - target: {fileID: 3304814622314331059, guid: dffd1cac1b5504e42bb0800533f800dd, type: 3}
      propertyPath: m_LocalEulerAnglesHint.y
      value: 0
      objectReference: {fileID: 0}
    - target: {fileID: 3304814622314331059, guid: dffd1cac1b5504e42bb0800533f800dd, type: 3}
      propertyPath: m_LocalEulerAnglesHint.z
      value: 0
      objectReference: {fileID: 0}
    m_RemovedComponents: []
  m_SourcePrefab: {fileID: 100100000, guid: dffd1cac1b5504e42bb0800533f800dd, type: 3}
--- !u!4 &2141924052938302295 stripped
Transform:
  m_CorrespondingSourceObject: {fileID: 3304814622314331059, guid: dffd1cac1b5504e42bb0800533f800dd, type: 3}
  m_PrefabInstance: {fileID: 3487101060060764388}
  m_PrefabAsset: {fileID: 0}
--- !u!1001 &3550560144897788949
PrefabInstance:
  m_ObjectHideFlags: 0
  serializedVersion: 2
  m_Modification:
    m_TransformParent: {fileID: 4107686622580651534}
    m_Modifications:
    - target: {fileID: 5920662951183275377, guid: 8f8162a84fa186447b5954734ae30647, type: 3}
      propertyPath: m_Name
      value: collon ready (1)
      objectReference: {fileID: 0}
    - target: {fileID: 7900704764542449609, guid: 8f8162a84fa186447b5954734ae30647, type: 3}
      propertyPath: m_RootOrder
      value: 5
      objectReference: {fileID: 0}
    - target: {fileID: 7900704764542449609, guid: 8f8162a84fa186447b5954734ae30647, type: 3}
      propertyPath: m_LocalPosition.x
      value: 1.2224469
      objectReference: {fileID: 0}
    - target: {fileID: 7900704764542449609, guid: 8f8162a84fa186447b5954734ae30647, type: 3}
      propertyPath: m_LocalPosition.y
      value: 0.24045467
      objectReference: {fileID: 0}
    - target: {fileID: 7900704764542449609, guid: 8f8162a84fa186447b5954734ae30647, type: 3}
      propertyPath: m_LocalPosition.z
      value: -1.1924715
      objectReference: {fileID: 0}
    - target: {fileID: 7900704764542449609, guid: 8f8162a84fa186447b5954734ae30647, type: 3}
      propertyPath: m_LocalRotation.w
      value: 1
      objectReference: {fileID: 0}
    - target: {fileID: 7900704764542449609, guid: 8f8162a84fa186447b5954734ae30647, type: 3}
      propertyPath: m_LocalRotation.x
      value: -0
      objectReference: {fileID: 0}
    - target: {fileID: 7900704764542449609, guid: 8f8162a84fa186447b5954734ae30647, type: 3}
      propertyPath: m_LocalRotation.y
      value: -0
      objectReference: {fileID: 0}
    - target: {fileID: 7900704764542449609, guid: 8f8162a84fa186447b5954734ae30647, type: 3}
      propertyPath: m_LocalRotation.z
      value: -0
      objectReference: {fileID: 0}
    - target: {fileID: 7900704764542449609, guid: 8f8162a84fa186447b5954734ae30647, type: 3}
      propertyPath: m_LocalEulerAnglesHint.x
      value: 0
      objectReference: {fileID: 0}
    - target: {fileID: 7900704764542449609, guid: 8f8162a84fa186447b5954734ae30647, type: 3}
      propertyPath: m_LocalEulerAnglesHint.y
      value: 0
      objectReference: {fileID: 0}
    - target: {fileID: 7900704764542449609, guid: 8f8162a84fa186447b5954734ae30647, type: 3}
      propertyPath: m_LocalEulerAnglesHint.z
      value: 0
      objectReference: {fileID: 0}
    m_RemovedComponents: []
  m_SourcePrefab: {fileID: 100100000, guid: 8f8162a84fa186447b5954734ae30647, type: 3}
--- !u!4 &6693174489519438812 stripped
Transform:
  m_CorrespondingSourceObject: {fileID: 7900704764542449609, guid: 8f8162a84fa186447b5954734ae30647, type: 3}
  m_PrefabInstance: {fileID: 3550560144897788949}
  m_PrefabAsset: {fileID: 0}
--- !u!1001 &4324960767687618232
PrefabInstance:
  m_ObjectHideFlags: 0
  serializedVersion: 2
  m_Modification:
    m_TransformParent: {fileID: 4107686622580651534}
    m_Modifications:
    - target: {fileID: 2345921592893694965, guid: 0c45ac29c63cb3047ad22d4ae25a3318, type: 3}
      propertyPath: m_RootOrder
      value: 18
      objectReference: {fileID: 0}
    - target: {fileID: 2345921592893694965, guid: 0c45ac29c63cb3047ad22d4ae25a3318, type: 3}
      propertyPath: m_LocalPosition.x
      value: 0
      objectReference: {fileID: 0}
    - target: {fileID: 2345921592893694965, guid: 0c45ac29c63cb3047ad22d4ae25a3318, type: 3}
      propertyPath: m_LocalPosition.y
      value: 4.18
      objectReference: {fileID: 0}
    - target: {fileID: 2345921592893694965, guid: 0c45ac29c63cb3047ad22d4ae25a3318, type: 3}
      propertyPath: m_LocalPosition.z
      value: 0
      objectReference: {fileID: 0}
    - target: {fileID: 2345921592893694965, guid: 0c45ac29c63cb3047ad22d4ae25a3318, type: 3}
      propertyPath: m_LocalRotation.w
      value: 1
      objectReference: {fileID: 0}
    - target: {fileID: 2345921592893694965, guid: 0c45ac29c63cb3047ad22d4ae25a3318, type: 3}
      propertyPath: m_LocalRotation.x
      value: -0
      objectReference: {fileID: 0}
    - target: {fileID: 2345921592893694965, guid: 0c45ac29c63cb3047ad22d4ae25a3318, type: 3}
      propertyPath: m_LocalRotation.y
      value: -0
      objectReference: {fileID: 0}
    - target: {fileID: 2345921592893694965, guid: 0c45ac29c63cb3047ad22d4ae25a3318, type: 3}
      propertyPath: m_LocalRotation.z
      value: -0
      objectReference: {fileID: 0}
    - target: {fileID: 2345921592893694965, guid: 0c45ac29c63cb3047ad22d4ae25a3318, type: 3}
      propertyPath: m_LocalEulerAnglesHint.x
      value: 0
      objectReference: {fileID: 0}
    - target: {fileID: 2345921592893694965, guid: 0c45ac29c63cb3047ad22d4ae25a3318, type: 3}
      propertyPath: m_LocalEulerAnglesHint.y
      value: 0
      objectReference: {fileID: 0}
    - target: {fileID: 2345921592893694965, guid: 0c45ac29c63cb3047ad22d4ae25a3318, type: 3}
      propertyPath: m_LocalEulerAnglesHint.z
      value: 0
      objectReference: {fileID: 0}
    - target: {fileID: 8452305532332878159, guid: 0c45ac29c63cb3047ad22d4ae25a3318, type: 3}
      propertyPath: m_Name
      value: roof 1x1 ready (2)
      objectReference: {fileID: 0}
    m_RemovedComponents: []
  m_SourcePrefab: {fileID: 100100000, guid: 0c45ac29c63cb3047ad22d4ae25a3318, type: 3}
--- !u!4 &2056803235735113037 stripped
Transform:
  m_CorrespondingSourceObject: {fileID: 2345921592893694965, guid: 0c45ac29c63cb3047ad22d4ae25a3318, type: 3}
  m_PrefabInstance: {fileID: 4324960767687618232}
  m_PrefabAsset: {fileID: 0}
--- !u!1001 &6086405525784521620
PrefabInstance:
  m_ObjectHideFlags: 0
  serializedVersion: 2
  m_Modification:
    m_TransformParent: {fileID: 4107686622580651534}
    m_Modifications:
    - target: {fileID: -8679921383154817045, guid: deef32e480953fa41ab11a67f5e4d57a, type: 3}
      propertyPath: m_RootOrder
      value: 6
      objectReference: {fileID: 0}
    - target: {fileID: -8679921383154817045, guid: deef32e480953fa41ab11a67f5e4d57a, type: 3}
      propertyPath: m_LocalPosition.x
      value: 0
      objectReference: {fileID: 0}
    - target: {fileID: -8679921383154817045, guid: deef32e480953fa41ab11a67f5e4d57a, type: 3}
      propertyPath: m_LocalPosition.y
      value: 0
      objectReference: {fileID: 0}
    - target: {fileID: -8679921383154817045, guid: deef32e480953fa41ab11a67f5e4d57a, type: 3}
      propertyPath: m_LocalPosition.z
      value: 0
      objectReference: {fileID: 0}
    - target: {fileID: -8679921383154817045, guid: deef32e480953fa41ab11a67f5e4d57a, type: 3}
      propertyPath: m_LocalRotation.w
      value: 1
      objectReference: {fileID: 0}
    - target: {fileID: -8679921383154817045, guid: deef32e480953fa41ab11a67f5e4d57a, type: 3}
      propertyPath: m_LocalRotation.x
      value: -0
      objectReference: {fileID: 0}
    - target: {fileID: -8679921383154817045, guid: deef32e480953fa41ab11a67f5e4d57a, type: 3}
      propertyPath: m_LocalRotation.y
      value: -0
      objectReference: {fileID: 0}
    - target: {fileID: -8679921383154817045, guid: deef32e480953fa41ab11a67f5e4d57a, type: 3}
      propertyPath: m_LocalRotation.z
      value: -0
      objectReference: {fileID: 0}
    - target: {fileID: -8679921383154817045, guid: deef32e480953fa41ab11a67f5e4d57a, type: 3}
      propertyPath: m_LocalEulerAnglesHint.x
      value: 0
      objectReference: {fileID: 0}
    - target: {fileID: -8679921383154817045, guid: deef32e480953fa41ab11a67f5e4d57a, type: 3}
      propertyPath: m_LocalEulerAnglesHint.y
      value: 0
      objectReference: {fileID: 0}
    - target: {fileID: -8679921383154817045, guid: deef32e480953fa41ab11a67f5e4d57a, type: 3}
      propertyPath: m_LocalEulerAnglesHint.z
      value: 0
      objectReference: {fileID: 0}
    - target: {fileID: 919132149155446097, guid: deef32e480953fa41ab11a67f5e4d57a, type: 3}
      propertyPath: m_Name
      value: base 1x1
      objectReference: {fileID: 0}
    m_RemovedComponents: []
  m_SourcePrefab: {fileID: 100100000, guid: deef32e480953fa41ab11a67f5e4d57a, type: 3}
--- !u!4 &6052267155576130687 stripped
Transform:
  m_CorrespondingSourceObject: {fileID: -8679921383154817045, guid: deef32e480953fa41ab11a67f5e4d57a, type: 3}
  m_PrefabInstance: {fileID: 6086405525784521620}
  m_PrefabAsset: {fileID: 0}
--- !u!1 &6392341002200372933 stripped
GameObject:
  m_CorrespondingSourceObject: {fileID: 919132149155446097, guid: deef32e480953fa41ab11a67f5e4d57a, type: 3}
  m_PrefabInstance: {fileID: 6086405525784521620}
  m_PrefabAsset: {fileID: 0}
--- !u!1001 &7637094969412555978
PrefabInstance:
  m_ObjectHideFlags: 0
  serializedVersion: 2
  m_Modification:
    m_TransformParent: {fileID: 4107686622580651534}
    m_Modifications:
    - target: {fileID: 1629376307828350648, guid: 1e4150c57c2604e4d9f164ef4d1deb59, type: 3}
      propertyPath: m_Name
      value: window wall 1x1 ready (1)
      objectReference: {fileID: 0}
    - target: {fileID: 4378005456416655740, guid: 1e4150c57c2604e4d9f164ef4d1deb59, type: 3}
      propertyPath: m_RootOrder
      value: 4
      objectReference: {fileID: 0}
    - target: {fileID: 4378005456416655740, guid: 1e4150c57c2604e4d9f164ef4d1deb59, type: 3}
      propertyPath: m_LocalPosition.x
      value: 0
      objectReference: {fileID: 0}
    - target: {fileID: 4378005456416655740, guid: 1e4150c57c2604e4d9f164ef4d1deb59, type: 3}
      propertyPath: m_LocalPosition.y
      value: 0.24045491
      objectReference: {fileID: 0}
    - target: {fileID: 4378005456416655740, guid: 1e4150c57c2604e4d9f164ef4d1deb59, type: 3}
      propertyPath: m_LocalPosition.z
      value: -1.2374716
      objectReference: {fileID: 0}
    - target: {fileID: 4378005456416655740, guid: 1e4150c57c2604e4d9f164ef4d1deb59, type: 3}
      propertyPath: m_LocalRotation.w
      value: 0.7069716
      objectReference: {fileID: 0}
    - target: {fileID: 4378005456416655740, guid: 1e4150c57c2604e4d9f164ef4d1deb59, type: 3}
      propertyPath: m_LocalRotation.x
      value: -0
      objectReference: {fileID: 0}
    - target: {fileID: 4378005456416655740, guid: 1e4150c57c2604e4d9f164ef4d1deb59, type: 3}
      propertyPath: m_LocalRotation.y
      value: 0.7072421
      objectReference: {fileID: 0}
    - target: {fileID: 4378005456416655740, guid: 1e4150c57c2604e4d9f164ef4d1deb59, type: 3}
      propertyPath: m_LocalRotation.z
      value: -0
      objectReference: {fileID: 0}
    - target: {fileID: 4378005456416655740, guid: 1e4150c57c2604e4d9f164ef4d1deb59, type: 3}
      propertyPath: m_LocalEulerAnglesHint.x
      value: 0
      objectReference: {fileID: 0}
    - target: {fileID: 4378005456416655740, guid: 1e4150c57c2604e4d9f164ef4d1deb59, type: 3}
      propertyPath: m_LocalEulerAnglesHint.y
      value: 90.022
      objectReference: {fileID: 0}
    - target: {fileID: 4378005456416655740, guid: 1e4150c57c2604e4d9f164ef4d1deb59, type: 3}
      propertyPath: m_LocalEulerAnglesHint.z
      value: 0
      objectReference: {fileID: 0}
    m_RemovedComponents: []
  m_SourcePrefab: {fileID: 100100000, guid: 1e4150c57c2604e4d9f164ef4d1deb59, type: 3}
--- !u!4 &6142247629413539254 stripped
Transform:
  m_CorrespondingSourceObject: {fileID: 4378005456416655740, guid: 1e4150c57c2604e4d9f164ef4d1deb59, type: 3}
  m_PrefabInstance: {fileID: 7637094969412555978}
  m_PrefabAsset: {fileID: 0}
--- !u!1001 &7698814874601128615
PrefabInstance:
  m_ObjectHideFlags: 0
  serializedVersion: 2
  m_Modification:
    m_TransformParent: {fileID: 4107686622580651534}
    m_Modifications:
    - target: {fileID: 1629376307828350648, guid: 1e4150c57c2604e4d9f164ef4d1deb59, type: 3}
      propertyPath: m_Name
      value: window wall 1x1 ready (2)
      objectReference: {fileID: 0}
    - target: {fileID: 4378005456416655740, guid: 1e4150c57c2604e4d9f164ef4d1deb59, type: 3}
      propertyPath: m_RootOrder
      value: 10
      objectReference: {fileID: 0}
    - target: {fileID: 4378005456416655740, guid: 1e4150c57c2604e4d9f164ef4d1deb59, type: 3}
      propertyPath: m_LocalPosition.x
      value: 0
      objectReference: {fileID: 0}
    - target: {fileID: 4378005456416655740, guid: 1e4150c57c2604e4d9f164ef4d1deb59, type: 3}
      propertyPath: m_LocalPosition.y
      value: 0.24045491
      objectReference: {fileID: 0}
    - target: {fileID: 4378005456416655740, guid: 1e4150c57c2604e4d9f164ef4d1deb59, type: 3}
      propertyPath: m_LocalPosition.z
      value: 1.2415285
      objectReference: {fileID: 0}
    - target: {fileID: 4378005456416655740, guid: 1e4150c57c2604e4d9f164ef4d1deb59, type: 3}
      propertyPath: m_LocalRotation.w
      value: 0.7069716
      objectReference: {fileID: 0}
    - target: {fileID: 4378005456416655740, guid: 1e4150c57c2604e4d9f164ef4d1deb59, type: 3}
      propertyPath: m_LocalRotation.x
      value: -0
      objectReference: {fileID: 0}
    - target: {fileID: 4378005456416655740, guid: 1e4150c57c2604e4d9f164ef4d1deb59, type: 3}
      propertyPath: m_LocalRotation.y
      value: 0.7072421
      objectReference: {fileID: 0}
    - target: {fileID: 4378005456416655740, guid: 1e4150c57c2604e4d9f164ef4d1deb59, type: 3}
      propertyPath: m_LocalRotation.z
      value: -0
      objectReference: {fileID: 0}
    - target: {fileID: 4378005456416655740, guid: 1e4150c57c2604e4d9f164ef4d1deb59, type: 3}
      propertyPath: m_LocalEulerAnglesHint.x
      value: 0
      objectReference: {fileID: 0}
    - target: {fileID: 4378005456416655740, guid: 1e4150c57c2604e4d9f164ef4d1deb59, type: 3}
      propertyPath: m_LocalEulerAnglesHint.y
      value: 90.022
      objectReference: {fileID: 0}
    - target: {fileID: 4378005456416655740, guid: 1e4150c57c2604e4d9f164ef4d1deb59, type: 3}
      propertyPath: m_LocalEulerAnglesHint.z
      value: 0
      objectReference: {fileID: 0}
    m_RemovedComponents: []
  m_SourcePrefab: {fileID: 100100000, guid: 1e4150c57c2604e4d9f164ef4d1deb59, type: 3}
--- !u!4 &6203255019600858075 stripped
Transform:
  m_CorrespondingSourceObject: {fileID: 4378005456416655740, guid: 1e4150c57c2604e4d9f164ef4d1deb59, type: 3}
  m_PrefabInstance: {fileID: 7698814874601128615}
  m_PrefabAsset: {fileID: 0}
--- !u!1001 &8100795952073773070
PrefabInstance:
  m_ObjectHideFlags: 0
  serializedVersion: 2
  m_Modification:
    m_TransformParent: {fileID: 4107686622580651534}
    m_Modifications:
    - target: {fileID: 5920662951183275377, guid: 8f8162a84fa186447b5954734ae30647, type: 3}
      propertyPath: m_Name
      value: collon ready (8)
      objectReference: {fileID: 0}
    - target: {fileID: 7900704764542449609, guid: 8f8162a84fa186447b5954734ae30647, type: 3}
      propertyPath: m_RootOrder
      value: 14
      objectReference: {fileID: 0}
    - target: {fileID: 7900704764542449609, guid: 8f8162a84fa186447b5954734ae30647, type: 3}
      propertyPath: m_LocalPosition.x
      value: -1.21
      objectReference: {fileID: 0}
    - target: {fileID: 7900704764542449609, guid: 8f8162a84fa186447b5954734ae30647, type: 3}
      propertyPath: m_LocalPosition.y
      value: 2.36
      objectReference: {fileID: 0}
    - target: {fileID: 7900704764542449609, guid: 8f8162a84fa186447b5954734ae30647, type: 3}
      propertyPath: m_LocalPosition.z
      value: 1.2315283
      objectReference: {fileID: 0}
    - target: {fileID: 7900704764542449609, guid: 8f8162a84fa186447b5954734ae30647, type: 3}
      propertyPath: m_LocalRotation.w
      value: 1
      objectReference: {fileID: 0}
    - target: {fileID: 7900704764542449609, guid: 8f8162a84fa186447b5954734ae30647, type: 3}
      propertyPath: m_LocalRotation.x
      value: -0
      objectReference: {fileID: 0}
    - target: {fileID: 7900704764542449609, guid: 8f8162a84fa186447b5954734ae30647, type: 3}
      propertyPath: m_LocalRotation.y
      value: -0
      objectReference: {fileID: 0}
    - target: {fileID: 7900704764542449609, guid: 8f8162a84fa186447b5954734ae30647, type: 3}
      propertyPath: m_LocalRotation.z
      value: -0
      objectReference: {fileID: 0}
    - target: {fileID: 7900704764542449609, guid: 8f8162a84fa186447b5954734ae30647, type: 3}
      propertyPath: m_LocalEulerAnglesHint.x
      value: 0
      objectReference: {fileID: 0}
    - target: {fileID: 7900704764542449609, guid: 8f8162a84fa186447b5954734ae30647, type: 3}
      propertyPath: m_LocalEulerAnglesHint.y
      value: 0
      objectReference: {fileID: 0}
    - target: {fileID: 7900704764542449609, guid: 8f8162a84fa186447b5954734ae30647, type: 3}
      propertyPath: m_LocalEulerAnglesHint.z
      value: 0
      objectReference: {fileID: 0}
    m_RemovedComponents: []
  m_SourcePrefab: {fileID: 100100000, guid: 8f8162a84fa186447b5954734ae30647, type: 3}
--- !u!4 &2148005778660681671 stripped
Transform:
  m_CorrespondingSourceObject: {fileID: 7900704764542449609, guid: 8f8162a84fa186447b5954734ae30647, type: 3}
  m_PrefabInstance: {fileID: 8100795952073773070}
  m_PrefabAsset: {fileID: 0}
--- !u!1001 &8277127548225664253
PrefabInstance:
  m_ObjectHideFlags: 0
  serializedVersion: 2
  m_Modification:
    m_TransformParent: {fileID: 4107686622580651534}
    m_Modifications:
    - target: {fileID: 1629376307828350648, guid: 1e4150c57c2604e4d9f164ef4d1deb59, type: 3}
      propertyPath: m_Name
      value: window wall 1x1 ready (4)
      objectReference: {fileID: 0}
    - target: {fileID: 4378005456416655740, guid: 1e4150c57c2604e4d9f164ef4d1deb59, type: 3}
      propertyPath: m_RootOrder
      value: 13
      objectReference: {fileID: 0}
    - target: {fileID: 4378005456416655740, guid: 1e4150c57c2604e4d9f164ef4d1deb59, type: 3}
      propertyPath: m_LocalPosition.x
      value: 0
      objectReference: {fileID: 0}
    - target: {fileID: 4378005456416655740, guid: 1e4150c57c2604e4d9f164ef4d1deb59, type: 3}
      propertyPath: m_LocalPosition.y
      value: 2.3600001
      objectReference: {fileID: 0}
    - target: {fileID: 4378005456416655740, guid: 1e4150c57c2604e4d9f164ef4d1deb59, type: 3}
      propertyPath: m_LocalPosition.z
      value: -1.2374716
      objectReference: {fileID: 0}
    - target: {fileID: 4378005456416655740, guid: 1e4150c57c2604e4d9f164ef4d1deb59, type: 3}
      propertyPath: m_LocalRotation.w
      value: 0.7069716
      objectReference: {fileID: 0}
    - target: {fileID: 4378005456416655740, guid: 1e4150c57c2604e4d9f164ef4d1deb59, type: 3}
      propertyPath: m_LocalRotation.x
      value: -0
      objectReference: {fileID: 0}
    - target: {fileID: 4378005456416655740, guid: 1e4150c57c2604e4d9f164ef4d1deb59, type: 3}
      propertyPath: m_LocalRotation.y
      value: 0.7072421
      objectReference: {fileID: 0}
    - target: {fileID: 4378005456416655740, guid: 1e4150c57c2604e4d9f164ef4d1deb59, type: 3}
      propertyPath: m_LocalRotation.z
      value: -0
      objectReference: {fileID: 0}
    - target: {fileID: 4378005456416655740, guid: 1e4150c57c2604e4d9f164ef4d1deb59, type: 3}
      propertyPath: m_LocalEulerAnglesHint.x
      value: 0
      objectReference: {fileID: 0}
    - target: {fileID: 4378005456416655740, guid: 1e4150c57c2604e4d9f164ef4d1deb59, type: 3}
      propertyPath: m_LocalEulerAnglesHint.y
      value: 90.022
      objectReference: {fileID: 0}
    - target: {fileID: 4378005456416655740, guid: 1e4150c57c2604e4d9f164ef4d1deb59, type: 3}
      propertyPath: m_LocalEulerAnglesHint.z
      value: 0
      objectReference: {fileID: 0}
    m_RemovedComponents: []
  m_SourcePrefab: {fileID: 100100000, guid: 1e4150c57c2604e4d9f164ef4d1deb59, type: 3}
--- !u!4 &5629375714583707009 stripped
Transform:
  m_CorrespondingSourceObject: {fileID: 4378005456416655740, guid: 1e4150c57c2604e4d9f164ef4d1deb59, type: 3}
  m_PrefabInstance: {fileID: 8277127548225664253}
  m_PrefabAsset: {fileID: 0}
--- !u!1001 &8957960147715081630
PrefabInstance:
  m_ObjectHideFlags: 0
  serializedVersion: 2
  m_Modification:
    m_TransformParent: {fileID: 4107686622580651534}
    m_Modifications:
    - target: {fileID: 5920662951183275377, guid: 8f8162a84fa186447b5954734ae30647, type: 3}
      propertyPath: m_Name
      value: collon ready (4)
      objectReference: {fileID: 0}
    - target: {fileID: 7900704764542449609, guid: 8f8162a84fa186447b5954734ae30647, type: 3}
      propertyPath: m_RootOrder
      value: 8
      objectReference: {fileID: 0}
    - target: {fileID: 7900704764542449609, guid: 8f8162a84fa186447b5954734ae30647, type: 3}
      propertyPath: m_LocalPosition.x
      value: -1.21
      objectReference: {fileID: 0}
    - target: {fileID: 7900704764542449609, guid: 8f8162a84fa186447b5954734ae30647, type: 3}
      propertyPath: m_LocalPosition.y
      value: 0.24045467
      objectReference: {fileID: 0}
    - target: {fileID: 7900704764542449609, guid: 8f8162a84fa186447b5954734ae30647, type: 3}
      propertyPath: m_LocalPosition.z
      value: -1.1924715
      objectReference: {fileID: 0}
    - target: {fileID: 7900704764542449609, guid: 8f8162a84fa186447b5954734ae30647, type: 3}
      propertyPath: m_LocalRotation.w
      value: 1
      objectReference: {fileID: 0}
    - target: {fileID: 7900704764542449609, guid: 8f8162a84fa186447b5954734ae30647, type: 3}
      propertyPath: m_LocalRotation.x
      value: -0
      objectReference: {fileID: 0}
    - target: {fileID: 7900704764542449609, guid: 8f8162a84fa186447b5954734ae30647, type: 3}
      propertyPath: m_LocalRotation.y
      value: -0
      objectReference: {fileID: 0}
    - target: {fileID: 7900704764542449609, guid: 8f8162a84fa186447b5954734ae30647, type: 3}
      propertyPath: m_LocalRotation.z
      value: -0
      objectReference: {fileID: 0}
    - target: {fileID: 7900704764542449609, guid: 8f8162a84fa186447b5954734ae30647, type: 3}
      propertyPath: m_LocalEulerAnglesHint.x
      value: 0
      objectReference: {fileID: 0}
    - target: {fileID: 7900704764542449609, guid: 8f8162a84fa186447b5954734ae30647, type: 3}
      propertyPath: m_LocalEulerAnglesHint.y
      value: 0
      objectReference: {fileID: 0}
    - target: {fileID: 7900704764542449609, guid: 8f8162a84fa186447b5954734ae30647, type: 3}
      propertyPath: m_LocalEulerAnglesHint.z
      value: 0
      objectReference: {fileID: 0}
    m_RemovedComponents: []
  m_SourcePrefab: {fileID: 100100000, guid: 8f8162a84fa186447b5954734ae30647, type: 3}
--- !u!4 &1294187122028196439 stripped
Transform:
  m_CorrespondingSourceObject: {fileID: 7900704764542449609, guid: 8f8162a84fa186447b5954734ae30647, type: 3}
  m_PrefabInstance: {fileID: 8957960147715081630}
  m_PrefabAsset: {fileID: 0}
